 Dungeon Crawl Stone Soup version 0.28-a0-804-g60983d4ba9 (webtiles) character file.

Game seed: 7409292929837980502

231 rogsnak the Magician (level 6, -5/44 HPs)
             Began as a Gnoll Hedge Wizard on Nov 7, 2021.
             Slain by a wyvern zombie (11 damage)
             ... on level 4 of the Dungeon.
             The game lasted 00:09:24 (5509 turns).

rogsnak the Magician (Gnoll Hedge Wizard)           Turns: 5509, Time: 00:09:24

Health: -5/44      AC:  3    Str:  9    XL:     6   Next: 4%
Magic:  8/16       EV: 13    Int: 16    God:
Gold:   76         SH:  0    Dex: 11    Spells: 10/19 levels left

rFire   . . .      SeeInvis .   q - +0 mace
rCold   . . .      Faith    .   (no shield)
rNeg    . . .      Spirit   .   b - +0 robe
rPois   .          Reflect  .   v - +0 helmet
rElec   .          Harm     .   (no cloak)
rCorr   .          Rampage  .   (no gloves)
Will    .....                   (no boots)
Stlth   ++........              (no amulet)
HPRegen 0.14/turn               (no ring)
MPRegen 0.15/turn               (no ring)

@: no status effects
A: fangs 1, strong nose, distributed training
a: no special abilities


You were on level 4 of the Dungeon.
You visited 2 branches of the dungeon, and saw 5 of its levels.

You collected 76 gold pieces.

Inventory:

Hand Weapons
 a - a +0 dagger
 d - a +0 short sword
 i - a +1 whip of distortion
 k - a +0 hand axe
 n - a +0 hunting sling
 q - a +0 mace (weapon)
 u - a +0 trident
Missiles
 m - 25 bolts
 o - 110 stones
 p - 3 silver boomerangs
Armour
 b - a +0 robe (worn)
 c - a +0 hat
 v - a +0 helmet (worn)
Jewellery
 r - a ring of fire
Scrolls
 e - a scroll of holy word {unknown}
 f - 2 scrolls of identify {unknown}
 h - 2 scrolls of enchant weapon {unknown}
 l - a scroll of magic mapping {unknown}
Potions
 g - 3 potions of curing {unknown}
 j - 2 potions of heal wounds {unknown}
 s - a potion of resistance {unknown}
 t - a potion of flight {unknown}


   Skills:
 + Level 1.7 Fighting
 + Level 1.7 Short Blades
 + Level 1.7 Long Blades
 + Level 1.7 Axes
 + Level 1.7 Maces & Flails
 + Level 1.7 Polearms
 + Level 1.7 Staves
 + Level 1.7 Slings
 + Level 1.7 Bows
 + Level 1.7 Crossbows
 + Level 1.7 Throwing
 + Level 1.7 Armour
 + Level 4.9 Dodging
 + Level 4.5 Stealth
 + Level 1.7 Shields
 + Level 1.7 Unarmed Combat
 + Level 7.3 Spellcasting
 + Level 2.5 Conjurations
 + Level 1.3 Hexes
 + Level 2.5 Summonings
 + Level 1.3 Necromancy
 + Level 2.5 Translocations
 + Level 1.3 Transmutations
 + Level 1.3 Fire Magic
 + Level 1.3 Ice Magic
 + Level 1.3 Air Magic
 + Level 1.3 Earth Magic
 + Level 1.3 Poison Magic
 + Level 2.0 Invocations
 + Level 1.7 Evocations


You had 10 spell levels left.
You knew the following spells:

 Your Spells              Type           Power      Damage    Failure   Level
a - Magic Dart            Conj           56%        1d5       4%          1
b - Blink                 Tloc           28%        N/A       6%          2
c - Mephitic Cloud        Conj/Pois/Air  11%        N/A       17%         3
d - Ignite Poison         Fire/Tmut/Pois 10%        N/A       21%         3

Your spell library contained the following spells:

 Spells                   Type           Power      Damage    Failure   Level
 Shock                    Conj/Air       48%        1d6       5%          1
 Call Imp                 Summ           14%        N/A       6%          2
 Slow                     Hex            40%        N/A       7%          1
 Call Canine Familiar     Summ           14%        N/A       13%         3
 Conjure Flame            Conj/Fire      12%        6-21      16%         3
 Portal Projectile        Hex/Tloc       24%        N/A       16%         3
 Inner Flame              Hex/Fire       10%        N/A       21%         3
 Swiftness                Air            10%        N/A       21%         3
 Airstrike                Air            5%         N/A       56%         4
 Cause Fear               Hex            5%         N/A       56%         4
 Leda's Liquefaction      Hex/Erth       5%         N/A       56%         4
 Freezing Cloud           Conj/Ice/Air   5%         6-21      85%         5
 Discord                  Hex            5%         N/A       100%        8


Dungeon Overview and Level Annotations

Branches:
Dungeon (4/15)             Temple (1/1) D:4

Altars:
Cheibriados
Dithmenos
Gozag
Hepliaklqana
Kikubaaqudgha
Qazlal
Ru
Trog
Uskayaw
Vehumet
Yredelemnul
Zin
The Shining One

Annotations:
D:2 Sigmund


Innate Abilities, Weirdness & Mutations

You have very sharp teeth.
Your uncanny sense of smell can sniff out nearby items.
Your experience applies equally to all skills.


Message History

Aiming: Magic Dart (safe; 4% risk of failure)
Press: ? - help, Shift-Dir - straight line, f/p - wyvern zombie
Aim: a wyvern zombie (moderately damaged, 100% to hit)
The magic dart hits the wyvern zombie.
The wyvern zombie is moderately damaged.
The wyvern zombie barely misses you.
Casting: Magic Dart (safe; 4% risk of failure)
Confirm with . or Enter, or press ? or * to list all spells.
Aiming: Magic Dart (safe; 4% risk of failure)
Press: ? - help, Shift-Dir - straight line, p - wyvern zombie The magic dart hits the wyvern zombie.
The wyvern zombie is heavily damaged.
The wyvern zombie bites you!
You hit the wyvern zombie.
You bite the wyvern zombie, but do no damage.
The wyvern zombie is heavily damaged.
The wyvern zombie completely misses you.
The wyvern zombie bites you!
You hit the wyvern zombie.
The wyvern zombie is heavily damaged.
The wyvern zombie barely misses you. The wyvern zombie bites you!
* * * LOW HITPOINT WARNING * * *
Casting: Magic Dart (safe; 4% risk of failure)
Confirm with . or Enter, or press ? or * to list all spells.
Aiming: Magic Dart (safe; 4% risk of failure)
Press: ? - help, Shift-Dir - straight line The magic dart hits the wyvern zombie but does no damage.
The wyvern zombie is heavily damaged.
The wyvern zombie barely misses you.
Casting: Magic Dart (safe; 4% risk of failure)
Confirm with . or Enter, or press ? or * to list all spells.
Aiming: Magic Dart (safe; 4% risk of failure)
Press: ? - help, Shift-Dir - straight line The magic dart hits the wyvern zombie but does no damage.
The wyvern zombie is heavily damaged.
The wyvern zombie bites you.
* * * LOW HITPOINT WARNING * * *
Unknown command.
The wyvern zombie bites you!
You die...

).......... ∆ ∆ ∆
#.# #####...###
....... ##.# #..#
..... ### #..# ....
.>.$. ..# #.## .###
...# #.# #.# .###.
#..# #.# #.# ..#.
#..######.####.#
#.#.
#.Z##..........#
...
##@.##.###.######
.. ##...##.###.# #.
#...........#
#.##.##.#..##.#####
#......###.##.#
####.##.#.###.# #.
#.. ..# .. #### ###
###


You could see a wyvern zombie.

Vanquished Creatures
  An orc priest (D:3)
  Jessica (D:2)
  A scorpion simulacrum (D:3)
  Robin (D:4)
  4 adders
  A hound simulacrum (D:3)
  The ghost of flotson the Sneak, a weakling DsDe (D:2)
  3 dart slugs
  2 adder simulacra (D:3)
  4 orcs
  8 ball pythons
  An endoplasm (D:1)
  6 giant cockroaches
  11 goblins
  9 hobgoblins
  11 jackals
  3 kobolds
  4 quokkas
  6 bats
  A jackal simulacrum (D:3)
  3 rats
82 creatures vanquished.

Notes
Turn   | Place    | Note
-------+----------+-------------------------------------------
     0 | D:1      | rogsnak the Gnoll Hedge Wizard began the quest for the Orb.
     0 | D:1      | Reached XP level 1. HP: 13/13 MP: 8/8
   338 | D:1      | Reached XP level 2. HP: 19/19 MP: 6/10
   579 | D:1      | Learned a level 2 spell: Blink
   874 | D:1      | Found a faded altar of an unknown god.
   961 | D:1      | Reached XP level 3. HP: 23/25 MP: 0/11
   965 | D:1      | Learned a level 3 spell: Mephitic Cloud
  1268 | D:2      | Noticed Sigmund
  1641 | D:2      | Reached skill level 1 in Invocations
  1705 | D:2      | Noticed Jessica
  1708 | D:2      | Killed Jessica
  1709 | D:2      | Reached skill level 1 in Fighting
  1709 | D:2      | Reached skill level 1 in Short Blades
  1709 | D:2      | Reached skill level 1 in Long Blades
  1709 | D:2      | Reached skill level 1 in Axes
  1709 | D:2      | Reached skill level 1 in Maces & Flails
  1709 | D:2      | Reached skill level 1 in Polearms
  1709 | D:2      | Reached skill level 1 in Staves
  1709 | D:2      | Reached skill level 1 in Slings
  1709 | D:2      | Reached skill level 1 in Bows
  1709 | D:2      | Reached skill level 1 in Crossbows
  1709 | D:2      | Reached skill level 1 in Throwing
  1709 | D:2      | Reached skill level 1 in Armour
  1709 | D:2      | Reached skill level 1 in Shields
  1709 | D:2      | Reached skill level 1 in Unarmed Combat
  1709 | D:2      | Reached skill level 1 in Evocations
  1709 | D:2      | Reached XP level 4. HP: 32/32 MP: 9/13
  2605 | D:3      | Reached skill level 1 in Hexes
  2605 | D:3      | Reached skill level 1 in Necromancy
  2605 | D:3      | Reached skill level 1 in Transmutations
  2605 | D:3      | Reached skill level 1 in Fire Magic
  2605 | D:3      | Reached skill level 1 in Ice Magic
  2605 | D:3      | Reached skill level 1 in Air Magic
  2605 | D:3      | Reached skill level 1 in Earth Magic
  2605 | D:3      | Reached skill level 1 in Poison Magic
  2643 | D:3      | Found a runed translucent gate.
  2643 | D:3      | Found a runed translucent gate.
  2643 | D:3      | Found a runed translucent gate.
  3299 | D:3      | Reached XP level 5. HP: 30/37 MP: 8/14
  3488 | D:3      | Learned a level 3 spell: Ignite Poison
  3642 | D:3      | Noticed flotson's ghost (weakling DsDe)
  3685 | D:2      | Killed flotson's ghost
  4586 | D:4      | Found a staircase to the Ecumenical Temple.
  4590 | Temple   | Entered the Ecumenical Temple
  5261 | D:4      | Noticed Robin
  5295 | D:4      | Killed Robin
  5296 | D:4      | Reached XP level 6. HP: 32/44 MP: 10/16
  5509 | D:4      | Slain by a wyvern zombie

Illustrated notes

Levels and vault maps discovered:
D:1:      minmay_arrival_split_and_join, layout_basic,
          shapermc_ecumenical_altar_flowoftime
D:2:      layout_loops_cross, uniq_jessica, uniq_sigmund
D:3:      layout_basic, gammafunk_ghost_icy
D:4:      layout_loops_corners, minmay_temple_entry_glassed_door, uniq_robin
Temple:   dshaligram_water_room_temple

Skill      XL: |  1  2  3  4  5 |
---------------+----------------+-----
Conjurations   | 2 |  2.5
Summonings     | 2 |  2.5
Translocations | 2 |  2.5
Invocations    | 1 2 |  2.0
Fighting       | 1 |  1.7
Short Blades   | 1 |  1.7
Long Blades    | 1 |  1.7
Axes           | 1 |  1.7
Maces & Flails | 1 |  1.7
Polearms       | 1 |  1.7
Staves         | 1 |  1.7
Slings         | 1 |  1.7
Bows           | 1 |  1.7
Crossbows      | 1 |  1.7
Throwing       | 1 |  1.7
Armour         | 1 |  1.7
Shields        | 1 |  1.7
Unarmed Combat | 1 |  1.7
Evocations     | 1 |  1.7
Hexes          | 1 |  1.3
Necromancy     | 1 |  1.3
Transmutations | 1 |  1.3
Fire Magic     | 1 |  1.3
Ice Magic      | 1 |  1.3
Air Magic      | 1 |  1.3
Earth Magic    | 1 |  1.3
Poison Magic   | 1 |  1.3
Dodging        | |  4.9
Stealth        | |  4.5
Spellcasting   | |  7.3

Action                   |  1- 3 |  4- 6 || total
-------------------------+-------+-------++-------
Melee: Dagger            |     4 |       ||     4
       Short sword       |    18 |    37 ||    55
       Bite              |     2 |     4 ||     6
       Mace              |       |    19 ||    19
 Cast: Magic Dart        |    71 |   168 ||   239
       Mephitic Cloud    |       |     2 ||     2
 Stab: Sleeping          |     1 |       ||     1
Armor: Robe              |     4 |    14 ||    18
Dodge: Dodged            |    27 |    60 ||    87

Table legend: (Time is in decaauts)
 A = Elapsed time spent in this place.
 B = Non-inter-level travel time spent in this place.
 C = Inter-level travel time spent in this place.
 D = Time resting spent in this place.
 E = Time spent auto-exploring this place.
 F = Levels seen in this place.
 G = Mean time per level.
                   A        B        C        D        E       F      G
               +--------+--------+--------+--------+--------+-----+--------+
         Total |   5518 |   5491 |     27 |   1114 |   3232 |   5 | 1103.6 |
       Dungeon |   5381 |   5354 |     27 |   1114 |   3131 |   4 | 1345.2 |
        Temple |    136 |    136 |      0 |      0 |    101 |   1 |  136.0 |
               +--------+--------+--------+--------+--------+-----+--------+

Top non-repeatable levels by time:
     D:3: 1729 daAuts
     D:2: 1573 daAuts
     D:1: 1234 daAuts
     D:4: 843 daAuts
  Temple: 136 daAuts
